 Dungeon Crawl Stone Soup version 0.31.0-9-g3a7656b989 (webtiles) character file.

Game seed: 11071518763702210322

1437503 EnegeticOcto the Distorting Kobold (level 27, 173/173 HPs)
             Began as a Kobold Reaver on Jan 23, 2024.
             Was a Believer of Lugonu.
             Escaped with the Orb
             ... and 3 runes on Jan 26, 2024!
             The game lasted 02:50:37 (93970 turns).

EnegeticOcto the Distorting Kobold (Kobold Reaver) Turns: 93970, Time: 02:50:37

Health: 173/173    AC: 28    Str: 16    XL:     27
Magic:  50/50      EV: 30    Int: 13    God:    Lugonu [**....]
Gold:   1485       SH: 11    Dex: 32    Spells: 28/54 levels left

rFire   + . .        a - +9 quick blade (distort)
rCold   + . .        g - +3 buckler {rN+}
rNeg    + . .        N - +5 fire dragon scales of the Stopping Gods {Rampage rF++ rC-}
rPois   +            l - +1 helmet {SInv}
rElec   +            C - scarf {shadows}
rCorr   .            L - +1 pair of gloves of Lightning Storm {rElec rF- rC+ MP+9}
SInv    +            f - +2 pair of boots
Will    +++..        (no amulet)
Stlth   +++          Y - ring of the Monkey's Uncle {Wiz rC+ Str+2}
HPRegen 0.48/turn    U - +6 ring of dexterity
MPRegen 0.32/turn

%: rampage, wizardry (x1)
@: no status effects
A: small, no large weapons, nightstalker 3, agile 1, strong-willed 1, poison
resistance, screaming 1, inhibited regeneration, devolution 1
0: Orb of Zot
}: 3/15 runes: slimy, silver, gossamer
a: Renounce Religion, Depart the Abyss, Banish


You escaped.
You worshipped Lugonu.
Lugonu was pleased with you.
You visited 11 branches of the dungeon, and saw 52 of its levels.
You visited the Abyss 1 time.
You visited 1 bazaar.
You also visited: Trove and Gauntlet.

You collected 8252 gold pieces.
You spent 6767 gold pieces at shops.

Inventory:

Hand Weapons
 a - a +9 quick blade of distortion (weapon)
   (You subdued it on level 3 of the Elven Halls)
 s - the +9 dagger of Res Ipsa Loquitur {drain, rPois Str+6}
   (You found it in a treasure trove)

   Str+6:     It affects your strength (+6).
   rPois:     It protects you from poison
Missiles
 p - 14 curare-tipped darts
 T - a throwing net (quivered) {!f}
Armour
 f - a +2 pair of boots (worn)
   (You found it on level 1 of the Dungeon)
 g - a +3 buckler of positive energy (worn)
   (You took it off a tengu warrior on level 13 of the Dungeon)
 l - a +1 helmet of see invisible (worn)
   (You found it on level 5 of the Vaults)
 C - a scarf of shadows (worn)
   (You found it on level 6 of the Dungeon)
 L - the +1 pair of gloves of Lightning Storm (worn) {rElec rF- rC+ MP+9}
   (You found it on level 2 of the Shoals)

   rF-:       It makes you vulnerable to fire.
   rC+:       It protects you from cold.
   rElec:     It insulates you from electricity.
   MP+9:      It affects your magic capacity (+9).
 N - the +5 fire dragon scales of the Stopping Gods (worn) {Rampage rF++ rC-}
   (You bought it in a shop on level 3 of the Elven Halls)

   rF++:      It greatly protects you from fire.
   rC-:       It makes you vulnerable to cold.
   Rampage:   It bestows one free step when moving towards enemies.
Jewellery
 A - an amulet of faith
   (You took it off a deep elf death mage on level 3 of the Elven Halls)
 J - the ring of the Castellan {rN+ Will+ MP+9 Int+4}
   (You found it on level 5 of the Pits of Slime)

   [ring of magical power]

   Int+4:     It affects your intelligence (+4).
   rN+:       It protects you from negative energy.
   Will+:     It increases your willpower.
   MP+9:      It affects your magic capacity (+9).
 O - an amulet of guardian spirit
   (You found it on level 4 of the Vaults)
 Q - a ring of protection from fire
   (You found it on level 1 of the Lair of Beasts)
 U - a +6 ring of dexterity (right hand)
   (You found it on level 2 of the Dungeon)
 Y - the ring of the Monkey's Uncle (left hand) {Wiz rC+ Str+2}
   (You found it on level 5 of the Vaults)

   [ring of wizardry]

   Wiz:       It improves your spell success rate.
   Str+2:     It affects your strength (+2).
   rC+:       It protects you from cold.
Wands
 b - a wand of polymorph (9)
   (You found it on level 4 of the Spider Nest)
 e - a wand of paralysis (13)
   (You found it on level 1 of the Vaults)
 B - a wand of acid (27) {@v1}
   (You found it on level 6 of the Dungeon)
 F - a wand of roots (54) {@v2}
   (You found it on level 8 of the Dungeon)
 R - a wand of mindburst (2)
   (You found it on level 1 of the Lair of Beasts)
 S - a wand of digging (35) {@v3}
   (You found it in a Gauntlet)
Scrolls
 c - 10 scrolls of fog {!r}
 j - 7 scrolls of poison {!r}
 n - a scroll of revelation {@r5 !r}
 o - 6 scrolls of immolation
 r - 2 scrolls of silence {!r}
 v - 6 scrolls of blinking {@r4}
 E - 3 scrolls of torment
 G - 2 scrolls of fear {!r}
 M - 9 scrolls of vulnerability
 X - 7 scrolls of teleportation {@r3 !r}
Potions
 d - 4 potions of ambrosia
 h - 28 potions of curing {@q1 !q}
 i - 10 potions of might {@q3 !q}
 m - 3 potions of berserk rage
 q - 11 potions of heal wounds {@q2 !q}
 t - 15 potions of mutation
 u - 4 potions of haste {@q4 !q}
 x - a potion of resistance
 z - 4 potions of enlightenment
 H - 5 potions of brilliance
 I - 2 potions of attraction
 K - 7 potions of magic
 P - 13 potions of lignification {@q6}
 V - 9 potions of cancellation
 Z - 5 potions of invisibility
Miscellaneous
 k - a phial of floods
   (You found it on level 5 of the Vaults)
 w - a tin of tremorstones (2/2)
   (You found it in a Gauntlet)
 y - a phantom mirror
   (You found it in a Gauntlet)
 W - a box of beasts
   (You found it on level 5 of the Lair of Beasts)


   Skills:
 - Level 18.0 Fighting
 - Level 14.0 Short Blades
 - Level 4.0 Throwing
 + Level 17.7 Armour
 - Level 18.0 Dodging
 - Level 18.0 Stealth
 - Level 7.0 Shields
 - Level 14.0 Spellcasting
 - Level 3.0 Conjurations
 - Level 14.0 Hexes
 - Level 8.0 Summonings
 + Level 6.7 Translocations
 - Level 8.0 Ice Magic
 - Level 18.1 Invocations
 - Level 18.0 Evocations


You had 28 spell levels left.
You knew the following spells:

 Your Spells              Type           Power      Damage    Failure   Level
a - Ensorcelled Hibernat  Hex/Ice        74%        N/A       1%          2
b - Confusing Touch       Hex            45%        N/A       1%          3
c - Summon Mana Viper     Hex/Summ       37%        N/A       3%          5
d - Apportation           Tloc           52%        N/A       1%          1
e - Jinxbite              Hex            90%        N/A       1%          2
f - Vhi's Electric Charg  Tloc/Air       34%        N/A       24%         4
g - Yara's Violent Unrav  Hex/Alch       13%        3d7       16%         5
H - Cause Fear            Hex            22%        N/A       1%          4

Your spell library contained the following spells:

 Spells                   Type           Power      Damage    Failure   Level
 Freeze                   Ice            100%       1d10      1%          1
 Slow                     Hex            100%       N/A       1%          1
 Lesser Beckoning         Tloc           52%        N/A       1%          2
 Momentum Strike          Conj/Tloc      42%        3d9       1%          2
 Call Canine Familiar     Summ           29%        N/A       1%          3
 Dazzling Flash           Conj/Hex       62%        N/A       1%          3
 Frozen Ramparts          Ice            58%        1d9       1%          3
 Gell's Gravitas          Tloc           26%        N/A       1%          3
 Inner Flame              Hex/Fire       27%        N/A       1%          3
 Ozocubu's Armour         Ice            29%        N/A       1%          3
 Sigil of Binding         Hex            45%        N/A       1%          3
 Teleport Other           Tloc           26%        N/A       1%          3
 Tukima's Dance           Hex            45%        N/A       1%          3
 Dimensional Bullseye     Hex/Tloc       18%        N/A       1%          4
 Hailstorm                Conj/Ice       23%        3d7       3%          3
 Metabolic Englaciation   Hex/Ice        18%        N/A       3%          5
 Kiss of Death            Conj/Necr      52%        2d9       5%          1
 Sting                    Conj/Alch      52%        1d6       5%          1
 Anguish                  Hex/Necr       13%        N/A       6%          4
 Passage of Golubria      Tloc           26%        N/A       6%          4
 Volatile Blastmotes      Fire/Tloc      34%        2d12      8%          3
 Sandblast                Erth           18%        2d7       10%         1
 Iskenderun's Mystic Bla  Conj/Tloc      21%        2d6       13%         4
 Summon Forest            Summ/Tloc      14%        N/A       13%         5
 Mercury Vapours          Alch/Air       18%        N/A       16%         2
 Stone Arrow              Conj/Erth      26%        3d8       16%         3
 Animate Armour           Summ/Erth      38%        N/A       19%         4
 Martyr's Knell           Necr/Summ      19%        N/A       19%         4
 Summon Blazeheart Golem  Fire/Summ      19%        N/A       19%         4
 Summon Lightning Spire   Summ/Air       19%        N/A       19%         4
 Enfeeble                 Hex            22%        N/A       26%         7
 Fugue of the Fallen      Necr           9%         N/A       28%         3
 Passwall                 Erth           9%         N/A       28%         3
 Vampiric Draining        Necr           9%         2d6       28%         3
 Brom's Barrelling Bould  Conj/Erth      13%        2d4       45%         4
 Flame Wave               Conj/Fire      13%        2d6       45%         4
 Summon Cactus Giant      Summ           14%        N/A       45%         6
 Iskenderun's Battlesphe  Conj           16%        2d7       58%         5
 Animate Dead             Necr           9%         N/A       65%         4
 Dispel Undead            Necr           9%         3d8       65%         4
 Ignite Poison            Fire/Alch      9%         N/A       65%         4
 Leda's Liquefaction      Alch/Erth      4%         N/A       65%         4
 Olgreb's Toxic Radiance  Alch           9%         N/A       65%         4
 Petrify                  Alch/Erth      9%         N/A       65%         4
 Sticky Flame             Fire/Alch      9%         2d5       65%         4
 Fireball                 Conj/Fire      6%         3d5       78%         5
 Alistair's Intoxication  Alch           6%         N/A       92%         5
 Borgnjor's Vile Clutch   Necr/Erth      4%         N/A       92%         5
 Lee's Rapid Deconstruct  Erth           4%         3d5*      92%         5
 Sculpt Simulacrum        Ice/Alch       9%         N/A       94%         6
 Summon Hydra             Summ           14%        N/A       95%         7
 Malign Gateway           Summ/Tloc      14%        N/A       98%         7
 Bombard                  Conj/Erth      6%         9d2       100%        6
 Eringya's Noxious Bog    Alch           4%         4d6       100%        6
 Starburst                Conj/Fire      6%         6d4       100%        6
 Haunt                    Necr/Summ      9%         N/A       100%        7
 Orb of Destruction       Conj           8%         9d6       100%        7
 Spellforged Servitor     Conj/Summ      11%        N/A       100%        7
 Borgnjor's Revivificati  Necr           4%         N/A       100%        8
 Ignition                 Fire           4%         3d4       100%        8
 Infestation              Necr           4%         N/A       100%        8
 Lehudib's Crystal Spear  Conj/Erth      6%         10d3      100%        8
 Maxwell's Capacitive Co  Air            4%         ∞         100%        8
 Summon Horrible Things   Summ           14%        N/A       100%        8
 Chain Lightning          Conj/Air       6%         3d8       100%        9
 Death's Door             Necr           4%         N/A       100%        9
 Dragon's Call            Summ           14%        N/A       100%        9
 Fire Storm               Conj/Fire      6%         8d2       100%        9
 Shatter                  Erth           4%         3d8*      100%        9


Dungeon Overview and Level Annotations

Branches:
Dungeon (15/15)            Temple (1/1) D:5            Lair (5/5) D:8
 Shoals (3/4) Lair:3       Spider (4/4) Lair:3        Slime (5/5) Lair:5
    Orc (2/2) D:9             Elf (3/3) Orc:2        Vaults (5/5) D:14
  Crypt (0/3) Vaults:3     Depths (4/4) D:15            Zot (5/5) Depths:4
Gauntlet (visited)

Altars:
Ashenzari
Cheibriados
Dithmenos
Elyvilon
Fedhas
Gozag
Hepliaklqana
Kikubaaqudgha
Makhleb
Nemelex Xobeh
Okawaru
Qazlal
Ru
Sif Muna
Trog
Uskayaw
Vehumet
Wu Jian
Xom
Yredelemnul
Zin
The Shining One

Shops:
D:11 :   D:14 =   Orc:2 (*[:   Elf:1 :   Elf:2 *[   Elf:3 ([?   Vaults:3 (
Vaults:4 ![?   Vaults:5 !   Depths:4 [

Portals:
Hell: Depths:1 Depths:2 Depths:3 Depths:4
Abyss: Depths:3
Pandemonium: Depths:2 Depths:4
Ziggurat: Depths:2

Annotations:
D:6 2 runed translucent doors, flt's ghost, weakling TeDe
D:8 1 runed translucent door, exclusion: door
Spider:2 Roxanne
Orc:1 2 transporters, AlterAsc's ghost, journeyman OpSh
Vaults:4 Norris
Depths:3 1 runed translucent door, exclusion: door
Zot:4 exclusions: doom hound, door and 1 more exclusion, Tiamat
Zot:5 corrupted
Abyss:1 Boris


Innate Abilities, Weirdness & Mutations

You are small and have problems with some larger weapons.
You are completely attuned to the shadows.
You are agile. (Dex +4, Str/Int -1)
You are strong-willed. (Will+)
Your system is resistant to poisons. (rPois)
You occasionally shout uncontrollably at your foes.
You do not regenerate when monsters are visible.
You have hidden genetic defects.


Message History

You finish taking off your amulet of faith.
Lugonu seems less interested in you.
You feel less pious.
Really put on
A - an amulet of faith?
You start putting on your amulet.
You continue putting on your amulet of faith. x5
You finish putting on your amulet of faith.
You feel a surge of divine interest.
A - an amulet of faith (around neck) Really remove
A - an amulet of faith?
You start removing your amulet.
You continue taking off your amulet of faith. x2
Keep disrobing? [Y]es or [N]o only, please.
Keep disrobing?
You stop removing your amulet.
The demonspawn warmonger unwields a +5 dire flail of venom.
It stops dripping with poison.
The demonspawn warmonger wields a +1 arbalest of freezing.
It is covered in frost.
The demonspawn warmonger shoots a bolt.
You block the bolt.
You climb upwards.
Level annotation: 2 runed translucent doors, flt's ghost, weakling TeDe
There is a stone staircase leading down here.
(D) Dungeon (T) Temple (L) Lair (A) Shoals (N) Spider Nest (M) Slime Pits (O) Orcish Mines (E) Elven Halls (V) Vaults (C) Crypt (U) Depths (H) Hell (Z) Zot
Where to? (Tab/Enter - D:1 @ (x,y), ? - help)
There is a stone staircase leading up here.
You climb upwards.
There is a stone staircase leading down here.
There is a stone staircase leading up here.
You climb upwards.
There is a stone staircase leading down here.
You see here a +0 short sword.
You see here a +0 spear.
An Orb Guardian comes into view.
You rampage towards the Orb Guardian!
The Orb Guardian hits you.
You puncture the Orb Guardian!
Space warps around the Orb Guardian.
You hit the Orb Guardian but do no damage.
Space warps around the Orb Guardian.
The Orb Guardian is moderately wounded.
The Orb Guardian hits you!!
You barely miss the Orb Guardian. You puncture the Orb Guardian!
The Orb Guardian is moderately wounded.
You hit the Orb Guardian.
Space warps horribly around the Orb Guardian!
You hit the Orb Guardian but do no damage.
The Orb Guardian is heavily wounded.
The Orb Guardian blinks!
You hit the Orb Guardian.
Space warps horribly around the Orb Guardian!!
You barely miss the Orb Guardian.
The Orb Guardian is almost dead.
The Orb Guardian completely misses you.
You hit the Orb Guardian.
Space warps around the Orb Guardian.
You hit the Orb Guardian.
You kill the Orb Guardian!
Lugonu accepts your kill.
No target in view!
No target in view!
There is a stone staircase leading up here.
Really remove
A - an amulet of faith?
You start removing your amulet.
You continue taking off your amulet of faith. x4
You finish taking off your amulet of faith.
Lugonu seems less interested in you.
You feel less pious.
You can no longer corrupt the fabric of space.
You climb upwards.
There is a stone staircase leading down here.
Press: ? - help, Shift-Dir - straight line Nothing appears to happen.
(D) Dungeon (T) Temple (L) Lair (A) Shoals (N) Spider Nest (M) Slime Pits (O) Orcish Mines (E) Elven Halls (V) Vaults (C) Crypt (U) Depths (H) Hell (Z) Zot
Where to? (Tab/Enter - D:1 @ (x,y), ? - help)
There is a stone staircase leading up here.
You climb upwards.
There is a stone staircase leading down here.
Magic restored.
There is an open door here.
There is a stone staircase leading up here.
You climb upwards.
There is a stone staircase leading down here.
HP restored.
There is an escape hatch in the floor here.
There is a staircase leading out of the dungeon here.
Really put on
A - an amulet of faith?
You start putting on your amulet.
You continue putting on your amulet of faith. x5
You finish putting on your amulet of faith.
You feel a surge of divine interest.
A - an amulet of faith (around neck) Really remove
A - an amulet of faith?
You start removing your amulet.
You continue taking off your amulet of faith. x4
You finish taking off your amulet of faith.
Lugonu seems less interested in you.
You feel less pious.
You have escaped!

# #.# #.# #.# #
##.####.####.########### #
#......................#
####....#######...........#
.....####.....####........#
.#####....###...##........#
#........## ##...##.#######
...##...## ##...#.#
.###.....######.@.#>#
###..###....##....#)#
....## ##........##.# .####
#....#...##.# ##
####.#...##.# #
########.######## ## ###
########..........# .#
#.###......#..........# .#
#......(...#..........#


There were no monsters in sight!

Vanquished Creatures
  the Royal Jelly (Slime:5)
  3 orbs of fire (Zot:5)
  An ancient lich (Vaults:5)
  Xtahua (Vaults:2)
  2 Killer Klowns (Zot:5)
  3 golden dragons
  Nikola (Shoals:3)
  the Enchantress (Depths:2)
  Jorgrun (Spider:2)
  7 tentacled monstrosities
  2 quicksilver dragons
  3 liches
  12 Orb Guardians
  2 deep elf blademasters (Elf:3)
  Asterion (Vaults:1)
  2 deep elf master archers (Elf:3)
  3 titans (Vaults:5)
  3 death cobs
  8 sphinxes
  14 acid blobs
  Polyphemus (Shoals:2)
  Agnes (Spider:1)
  3 tengu reavers
  Kirke (Shoals:1)
  5 storm dragons
  2 shadow dragons
  Ilsuiw (Shoals:2)
  Aizul (Shoals:3)
  2 draconian monks
  11 rockslimes
  5 azure jellies (Slime:5)
  6 fire giants
  A draconian shifter (Zot:4)
  9 emperor scorpions
  5 deep elf sorcerers
  5 frost giants
  A draconian scorcher (Zot:4)
  14 vault wardens
  A balrug (Depths:4)
  3 deep elf elementalists (Elf:3)
  4 ghost moths
  2 orc warlords
  18 ironbound preservers
  2 quicksilver oozes (Slime:5)
  A broodmother (Spider:2)
  A draconian stormcaller (Zot:4)
  4 formless jellyfish
  8 stone giants
  5 spriggan defenders
  13 very ugly things
  4 ironbound thunderhulks
  A minotaur (Gauntlet)
  3 purple draconians (Depths:4)
  11 deep elf death magi
  4 war gargoyles
  2 vampire knights
  4 white draconians
  A spark wasp (Depths:2)
  Azrael (Orc:2)
  3 black draconians
  7 deep elf demonologists
  10 deep elf annihilators
  A red draconian (Depths:4)
  5 yellow draconians
  8 dire elephants
  10 ettins
  A green death (Zot:5)
  9 merfolk impalers
  2 merfolk javelineers (Shoals:3)
  15 yaktaur captains
  6 deep elf high priests
  4 fire dragons
  7 great orbs of eyes
  3 entropy weavers
  22 vault guards
  2 rakshasas
  2 ogre magi (Vaults:5)
  6 ice dragons
  3 hydras
  2 peacekeepers
  A catoblepas (Shoals:2)
  2 merfolk avatars
  A death knight (D:13)
  A radroach (Spider:3)
  20 dancing weapons
  13 centaur warriors
  7 spriggan air magi
  7 boulder beetles
  4 ironbound frosthearts
  5 deep troll shamans
  2 satyrs (Shoals:3)
  3 merfolk aquamancers (Shoals:3)
  5 two-headed ogres
  4 deep troll earth magi
  3 orc high priests (Orc:2)
  4 demonic crawlers
  8 death yaks
  A shock serpent (shapeshifter) (D:14)
  A spriggan berserker (Depths:1)
  4 tengu warriors
  An occultist (Depths:1)
  2 iron trolls
  8 hell knights
  2 vampire magi (Depths:2)
  12 skysharks
  20 deep elf knights
  A soul eater (Depths:2)
  2 sixfirhies
  7 pharaoh ants
  4 sea snakes
  A sea snake (shapeshifter) (Elf:3)
  23 deep trolls
  Lodul (D:11)
  7 orb spiders
  A glowing orange brain (Depths:3)
  4 phantasmal warriors
  4 arcanists
  4 flayed ghosts
  16 lindwurms
  5 deep elf archers
  6 orc knights
  Pikel (D:8)
  10 steelbarb worms
  A harpy (shapeshifter) (Elf:3)
  17 ironbound convokers
  11 harpies (Shoals:1)
  31 deep elf pyromancers
  20 wolf spiders
  2 oklob plants
  15 deep elf zephyrmancers
  4 orc sorcerers
  4 necromancers
  A shining eye (shapeshifter) (Depths:4)
  7 manticores
  A manticore (shapeshifter) (Vaults:5)
  4 shining eyes
  20 fauns
  42 ugly things
  2 merfolk sirens (Shoals:1)
  10 cyclopes
  Joseph (Lair:1)
  14 moths of wrath
  22 elephants
  8 black mambas
  3 meliai (Spider:4)
  5 kobold blastminers (Orc:2)
  18 vault sentinels
  2 water nymphs
  9 torpor snails
  10 cane toads
  A water nymph (shapeshifter) (Depths:3)
  An eye of devastation (Slime:5)
  3 komodo dragons
  3 rime drakes
  An efreet (D:15)
  43 yaktaurs
  4 freezing wraiths
  Psyche (D:8)
  A guardian mummy (Vaults:2)
  A tormentor (Depths:4)
  34 merfolk
  4 tengu conjurers
  5 wind drakes
  13 trolls
  13 tarantellas
  A tengu simulacrum (Vaults:4)
  8 hornets
  3 polar bears
  10 dream sheep
  3 glass eyes
  8 blink frogs
  28 jumping spiders
  7 snapping turtles
  16 culicivoras
  55 slime creatures
  Sigmund (D:2)
  5 wraiths
  An air elemental (Elf:2)
  8 spriggans
  2 shadows
  6 wyverns
  4 water elementals
  58 yaks
  A basilisk (Lair:1)
  8 fire elementals
  7 golden eyes (Slime:4)
  3 hogs (Shoals:1)
  A warg (shapeshifter) (D:15)
  5 wargs (Orc:2)
  38 redbacks
  A steam dragon (Lair:5)
  A vampire mosquito (D:10)
  3 acid dragons
  A two-headed ogre zombie (D:9)
  21 water moccasins
  A swamp worm (shapeshifter) (D:15)
  3 hell hounds (Orc:2)
  26 orc warriors
  A black bear (D:5)
  2 ice beasts
  2 laughing skulls (D:14)
  13 ogres
  5 boggarts (Vaults:1)
  14 centaurs
  19 wolves
  4 lemures (D:8)
  4 phantoms
  5 kobold brigands
  15 bullfrogs
  3 scorpions (D:5)
  2 gnoll sergeants
  2 troll zombies (D:9)
  10 killer bees
  5 howler monkeys
  4 bombardier beetles
  4 electric eels
  3 jellies
  5 hounds
  12 orc priests
  A gnoll bouda (D:5)
  3 sleepcaps
  6 iguanas
  22 orc wizards
  5 ogre zombies (D:9)
  25 gnolls
  13 adders
  A shadow imp (D:8)
  3 white imps
  2 ufetubi (D:5)
  3 dart slugs
  A ribbon worm (D:5)
  82 orcs
  9 bats
  4 endoplasms
  2 giant cockroaches (D:1)
  2 gnoll zombies (D:9)
  8 goblins
  6 hobgoblins
  2 jackals (D:2)
  5 quokkas
  8 ball pythons
  7 frilled lizards
  4 gnoll skeletons (D:9)
  32 kobolds
  3 orc skeletons (D:9)
  10 orc zombies (D:9)
  6 rats
1769 creatures vanquished.

Vanquished Creatures (collateral kills)
  2 sphinxes (Vaults:4)
  A rockslime (Slime:5)
  A vault warden (Vaults:3)
  A vault guard (Vaults:5)
  A deep elf pyromancer (Elf:1)
  A deep elf zephyrmancer (Elf:1)
  A faun (Shoals:1)
  A merfolk siren (Shoals:1)
  4 yaktaurs
  A water elemental (Elf:1)
  A gnoll skeleton (D:9)
  An orc skeleton (D:9)
  4 orc zombies (D:9)
20 creatures vanquished.

Vanquished Creatures (others)
  An Orb Guardian (Zot:5)
  A titan (Vaults:5)
  A deep elf death mage (Elf:3)
  A deep elf knight (Elf:1)
  A merfolk siren (Shoals:1)
  11 starspawn tentacles (Zot:5)
  17 tentacles (Shoals:3)
33 creatures vanquished.

Grand Total: 1822 creatures vanquished

Notes
Turn   | Place    | Note
-------+----------+-------------------------------------------
     0 | D:1      | EnegeticOcto the Kobold Reaver began the quest for the Orb.
     0 | D:1      | Reached XP level 1. HP: 12/12 MP: 3/3
    53 | D:1      | Reached skill level 1 in Stealth
   177 | D:1      | Reached skill level 2 in Stealth
   185 | D:1      | Reached XP level 2. HP: 15/16 MP: 5/5
   215 | D:1      | Reached skill level 3 in Stealth
   417 | D:1      | Reached XP level 3. HP: 22/22 MP: 6/6
   469 | D:1      | Found a faded altar of an unknown god.
  1003 | D:2      | Reached skill level 3 in Fighting
  1115 | D:2      | Reached skill level 4 in Stealth
  1115 | D:2      | Reached XP level 4. HP: 28/28 MP: 7/7
  1161 | D:2      | Noticed Sigmund
  1697 | D:2      | Reached XP level 5. HP: 32/32 MP: 8/8
  1925 | D:3      | Reached skill level 5 in Stealth
  1950 | D:3      | Found a broken altar of Ashenzari.
  1982 | D:3      | Reached skill level 4 in Fighting
  2688 | D:4      | Identified the +0 scale mail "Dapreukk" {Rampage rPois MP-9
                  | SInv}
  2930 | D:2      | Reached skill level 5 in Short Blades
  3304 | D:4      | Reached XP level 6. HP: 28/38 MP: 9/9
  3422 | D:4      | Reached skill level 6 in Short Blades
  3481 | D:4      | Reached skill level 3 in Dodging
  3597 | D:4      | Reached skill level 4 in Dodging
  3793 | D:4      | Reached XP level 7. HP: 35/39 MP: 10/10
  4136 | D:4      | Reached skill level 5 in Dodging
  4570 | D:5      | Entered Level 5 of the Dungeon
  4722 | D:5      | Found a basalt altar of Yredelemnul.
  4836 | D:5      | Reached skill level 6 in Dodging
  5087 | D:5      | Reached skill level 5 in Fighting
  5134 | D:5      | Reached XP level 8. HP: 50/50 MP: 11/11
  5335 | D:5      | Found a staircase to the Ecumenical Temple.
  5341 | Temple   | Entered the Ecumenical Temple
  5392 | D:5      | Reached skill level 6 in Fighting
  6217 | D:5      | Reached skill level 6 in Stealth
  6889 | D:6      | Reached skill level 7 in Short Blades
  6901 | D:6      | Reached XP level 9. HP: 56/56 MP: 12/12
  6922 | D:5      | Reached skill level 7 in Dodging
  7053 | D:6      | Identified the +5 trident "Gidghibu" {pain, Str+3}
  7207 | D:6      | Reached skill level 7 in Fighting
  7207 | D:6      | Reached skill level 7 in Stealth
  7313 | D:6      | Found a sacrificial altar of Ru.
  7776 | D:6      | Found a large runed translucent door.
  7776 | D:6      | Found a large runed translucent door.
  8147 | D:6      | Noticed flt's ghost (weakling TeDe)
  8388 | D:7      | Reached skill level 8 in Short Blades
  8441 | D:7      | Reached skill level 1 in Evocations
  8615 | D:7      | Reached skill level 8 in Stealth
  8841 | D:7      | Found a glowing silver altar of Zin.
  8844 | D:7      | Found a snail-covered altar of Cheibriados.
  8848 | D:7      | Found a glowing golden altar of the Shining One.
  8880 | D:7      | Reached skill level 8 in Dodging
  8885 | D:7      | Found an opulent altar of Gozag.
  8893 | D:7      | Reached skill level 2 in Evocations
  9224 | D:7      | Reached XP level 10. HP: 64/64 MP: 13/13
  9274 | D:7      | Reached skill level 8 in Fighting
  9699 | D:2      | Killed Sigmund
  9700 | D:2      | Reached skill level 3 in Evocations
 10620 | D:1      | Found a faded altar of an unknown god.
 11022 | D:7      | Identified the +0 leather armour of the Shouting Gods
                  | {*Slow rF+++ Str+9 Dex-3}
 11148 | D:7      | Reached skill level 9 in Short Blades
 11188 | D:7      | Reached skill level 9 in Stealth
 11397 | D:7      | Reached skill level 4 in Evocations
 11452 | D:7      | Learned a level 4 spell: Cause Fear
 11666 | D:8      | Noticed Pikel
 11691 | D:8      | Killed Pikel
 11692 | D:8      | Reached skill level 9 in Dodging
 11833 | D:8      | Found a hazy altar of Hepliaklqana.
 12034 | D:8      | Found a staircase to the Lair.
 12127 | D:8      | Noticed Psyche
 12129 | D:8      | Killed Psyche
 12358 | D:8      | Reached skill level 9 in Fighting
 12358 | D:8      | Reached skill level 5 in Evocations
 12574 | D:8      | Found a runed translucent door.
 12575 | D:8      | Noticed a boulder beetle
 12581 | D:8      | Reached skill level 10 in Short Blades
 12582 | D:8      | Noticed a cyclops
 12929 | D:8      | Noticed a cyclops
 13311 | D:9      | Found a staircase to the Orcish Mines.
 13525 | D:9      | Reached XP level 11. HP: 58/71 MP: 14/14
 14171 | D:9      | Reached skill level 10 in Dodging
 14171 | D:9      | Reached skill level 6 in Evocations
 14273 | D:9      | Noticed a two-headed ogre
 14393 | D:9      | Killed a two-headed ogre
 14394 | D:9      | Reached skill level 10 in Fighting
 14394 | D:9      | Reached skill level 1 in Armour
 14533 | D:9      | Reached skill level 2 in Armour
 14536 | D:9      | Reached skill level 10 in Stealth
 14937 | D:9      | Reached skill level 3 in Armour
 15154 | D:10     | Entered Level 10 of the Dungeon
 16020 | D:10     | Noticed a tengu warrior
 16432 | D:10     | Found an iron altar of Okawaru.
 16441 | D:10     | Reached skill level 11 in Stealth
 16482 | D:10     | Found an ancient bone altar of Kikubaaqudgha.
 16485 | D:10     | Found a radiant altar of Vehumet.
 16490 | D:10     | Found a blossoming altar of Fedhas.
 16493 | D:10     | Found a burning altar of Makhleb.
 17037 | Lair:1   | Entered Level 1 of the Lair of Beasts
 17201 | Lair:1   | Reached skill level 4 in Armour
 17255 | Lair:1   | Noticed Joseph
 17258 | Lair:1   | Killed Joseph
 17259 | Lair:1   | Reached skill level 12 in Stealth
 17315 | Lair:1   | Learned a level 3 spell: Confusing Touch
 17381 | Lair:1   | Noticed a five-headed hydra
 17550 | Lair:1   | Noticed a boulder beetle
 17563 | Lair:1   | Reached skill level 1 in Hexes
 17570 | Lair:1   | Reached skill level 2 in Hexes
 17586 | Lair:1   | Killed a boulder beetle
 17587 | Lair:1   | Reached skill level 3 in Hexes
 17587 | Lair:1   | Reached XP level 12. HP: 39/77 MP: 15/15
 17880 | Lair:1   | Reached skill level 4 in Hexes
 18245 | Lair:2   | Reached skill level 5 in Hexes
 18756 | Lair:2   | Reached skill level 6 in Hexes
 18764 | Lair:2   | Reached skill level 5 in Spellcasting
 18764 | Lair:2   | Reached skill level 9 in Hexes
 18764 | Lair:2   | Reached XP level 13. HP: 82/82 MP: 15/21
 19068 | Lair:2   | Reached skill level 10 in Hexes
 19609 | Lair:2   | Reached skill level 6 in Spellcasting
 20291 | Lair:2   | Reached skill level 11 in Fighting
 20291 | Lair:2   | Reached skill level 11 in Dodging
 20492 | Lair:3   | Found a gate leading to a gauntlet.
 20532 | Gauntlet | Entered a Gauntlet
 20532 | Gauntlet | Found a transporter.
 20552 | Gauntlet | Found a transporter.
 20561 | Gauntlet | Found a runed translucent door.
 20564 | Gauntlet | Found a transporter.
 20584 | Gauntlet | Found a transporter.
 20592 | Gauntlet | Found a transporter.
 20593 | Gauntlet | Noticed a quicksilver ooze
 20619 | Gauntlet | Found a transporter.
 20623 | Gauntlet | Found a transporter.
 20629 | Gauntlet | Found a transporter.
 20641 | Gauntlet | Found a transporter.
 20655 | Gauntlet | Found a transporter.
 20657 | Gauntlet | Noticed a reaper
 20678 | Gauntlet | Found a transporter.
 20683 | Gauntlet | Noticed a six-headed hydra
 20699 | Gauntlet | Found a transporter.
 20708 | Gauntlet | Found a transporter.
 21123 | Gauntlet | Found a transporter.
 21207 | Gauntlet | Identified the +7 mace of Judgement {holy, Dex+4 SInv}
 21314 | Gauntlet | Identified the ring of Virtue {*Slow Str+6 Dex+2 Stlth+}
 21314 | Gauntlet | Noticed a minotaur
 21748 | Gauntlet | Killed a minotaur
 21876 | Gauntlet | Identified the +0 chain mail of Baleful Beauty {rC+ Stlth+}
 22539 | Lair:3   | Found a staircase to the Shoals.
 22556 | Lair:3   | Found an ornate altar of the Wu Jian Council.
 22762 | Lair:3   | Reached skill level 12 in Dodging
 22825 | Lair:3   | Reached skill level 12 in Fighting
 22825 | Lair:3   | Reached XP level 14. HP: 92/92 MP: 23/23
 23020 | Lair:3   | Found the +8 whip "Snakebite" {venom, curare, rPois}
 23483 | Lair:3   | Found a hole to the Spider Nest.
 23658 | Lair:4   | Reached skill level 13 in Dodging
 24163 | Lair:4   | Reached skill level 14 in Dodging
 24393 | Lair:4   | Reached skill level 1 in Throwing
 25108 | Lair:4   | Reached skill level 2 in Throwing
 25484 | Lair:4   | Reached skill level 3 in Throwing
 25906 | Lair:5   | Entered Level 5 of the Lair of Beasts
 26195 | Lair:5   | Reached skill level 4 in Throwing
 26252 | Lair:5   | Reached skill level 13 in Fighting
 27080 | Lair:5   | Reached skill level 14 in Fighting
 27519 | Lair:5   | Found a staircase to the Slime Pits.
 28328 | Lair:4   | Learned a level 2 spell: Jinxbite
 28694 | Lair:5   | Reached XP level 15. HP: 100/100 MP: 22/25
 28792 | Lair:5   | Reached skill level 7 in Spellcasting
 29093 | Lair:5   | Learned a level 2 spell: Ensorcelled Hibernation
 29114 | Lair:5   | Reached skill level 13 in Stealth
 29114 | Lair:5   | Reached skill level 3 in Ice Magic
 29114 | Lair:5   | Reached XP level 16. HP: 106/106 MP: 25/27
 29117 | Lair:5   | Identified the +10 trident "Kediacec" {freeze, rC+}
 29140 | Lair:5   | Reached skill level 8 in Spellcasting
 29219 | Lair:5   | Reached skill level 14 in Stealth
 29393 | Lair:5   | Reached skill level 4 in Ice Magic
 30094 | Lair:5   | Reached skill level 5 in Ice Magic
 30148 | Lair:5   | Reached skill level 9 in Spellcasting
 31294 | D:11     | Noticed Lodul
 31298 | D:11     | Killed Lodul
 31438 | D:11     | Reached skill level 7 in Evocations
 31606 | D:11     | Found Iviapem's Book Boutique.
 32682 | D:12     | Reached skill level 5 in Armour
 33782 | Orc:1    | Entered Level 1 of the Orcish Mines
 33938 | Orc:1    | Found a transporter.
 33949 | Orc:1    | Found a transporter.
 33980 | Orc:1    | Noticed AlterAsc's ghost (journeyman OpSh)
 34397 | Orc:1    | Reached skill level 11 in Hexes
 34614 | Orc:2    | Entered Level 2 of the Orcish Mines
 34619 | Orc:2    | Found Sosut's Book Boutique.
 34795 | Orc:1    | Upgraded the game from 0.31.0-4-g52a2dc7128 to
                  | 0.31.0-9-g3a7656b989
 34929 | Orc:1    | Reached skill level 6 in Armour
 35215 | Orc:2    | Found Xaumoc's General Store.
 35385 | Orc:2    | Noticed Azrael
 35388 | Orc:2    | Killed Azrael
 35657 | Orc:2    | Found Fulim's Antique Weapon Emporium.
 35661 | Orc:2    | Bought a runed rapier for 231 gold pieces
 35962 | Orc:2    | Found a bloodstained altar of Trog.
 36062 | Orc:2    | Found a staircase to the Elven Halls.
 36137 | Orc:2    | Found Utaomyfo's Antique Armour Shop.
 36141 | Orc:2    | Bought a steaming ring mail for 324 gold pieces
 36141 | Orc:2    | Identified the +0 ring mail of Zoppubb {Str+2} (You bought
                  | it in a shop on level 2 of the Orcish Mines)
 36222 | Orc:2    | Bought a buckler for 162 gold pieces
 36758 | D:13     | Reached skill level 7 in Armour
 36760 | D:13     | Reached skill level 12 in Hexes
 36760 | D:13     | Reached XP level 17. HP: 102/111 MP: 27/30
 36779 | D:13     | Reached skill level 1 in Shields
 37353 | D:13     | Reached skill level 2 in Shields
 38285 | D:14     | Reached skill level 3 in Shields
 38330 | D:14     | Found Titaakat's Jewellery Shoppe.
 38771 | D:14     | Found a gate to the Vaults.
 38904 | D:15     | Entered Level 15 of the Dungeon
 39020 | D:15     | Reached skill level 8 in Armour
 39373 | D:15     | Reached skill level 4 in Shields
 39408 | D:15     | Reached skill level 13 in Hexes
 40407 | D:15     | Found a staircase to the Depths.
 41225 | Shoals:1 | Entered Level 1 of the Shoals
 41296 | Shoals:1 | Reached skill level 5 in Shields
 41308 | Shoals:1 | Reached skill level 6 in Ice Magic
 41702 | Shoals:1 | You fall into a shaft and drop 1 floor!
 41826 | Shoals:1 | Reached XP level 18. HP: 116/116 MP: 31/31
 41965 | Shoals:1 | Reached skill level 7 in Ice Magic
 41973 | Shoals:1 | Reached skill level 6 in Shields
 41994 | Shoals:1 | Noticed Kirke
 42006 | Shoals:1 | Killed Kirke
 42660 | Shoals:2 | Reached skill level 14 in Hexes
 42661 | Shoals:2 | Noticed Polyphemus
 42719 | Shoals:2 | Killed Polyphemus
 42873 | Shoals:2 | Identified the +1 pair of gloves of Lightning Storm {rElec
                  | rF- rC+ MP+9}
 42883 | Shoals:2 | Noticed Ilsuiw
 43017 | Shoals:2 | Reached skill level 8 in Ice Magic
 43592 | Shoals:2 | Reached skill level 7 in Shields
 43830 | Shoals:3 | Noticed Nikola
 43836 | Shoals:3 | Killed Nikola
 43863 | Shoals:3 | Found a flickering gateway to a bazaar.
 43958 | Bazaar   | Entered a bazaar
 43976 | Bazaar   | Found Kiosiur's Assorted Antiques.
 43988 | Bazaar   | Found Pangucw's Assorted Antiques.
 43992 | Bazaar   | Bought a scroll labelled ZAUNILOMPIN for 30 gold pieces
 43992 | Bazaar   | Bought a scroll labelled ZAUNILOMPIN for 30 gold pieces
 43994 | Bazaar   | Found Jutzues's Book Shop.
 44000 | Bazaar   | Found Liseemog's Distillery.
 44004 | Bazaar   | Bought a potion of curing for 39 gold pieces
 44004 | Bazaar   | Bought a potion of curing for 39 gold pieces
 44004 | Bazaar   | Bought a potion of heal wounds for 65 gold pieces
 44005 | Bazaar   | Found Rasawit's Antique Armour Shoppe.
 44031 | Bazaar   | Bought a scroll of identify for 36 gold pieces
 44031 | Bazaar   | Bought a potion of heal wounds for 90 gold pieces
 44031 | Bazaar   | Bought a potion of might for 72 gold pieces
 44031 | Bazaar   | Bought a potion of mutation for 144 gold pieces
 44031 | Bazaar   | Bought a scroll of blinking for 135 gold pieces
 44031 | Bazaar   | Bought a wand of flame (9) for 113 gold pieces
 44031 | Bazaar   | Bought a scroll of fog for 72 gold pieces
 44042 | Bazaar   | Bought a potion of heal wounds for 150 gold pieces
 44042 | Bazaar   | Bought a potion of might for 120 gold pieces
 44042 | Bazaar   | Bought a scroll of revelation for 225 gold pieces
 44052 | Bazaar   | Bought a potion of berserk rage for 65 gold pieces
 44145 | Shoals:3 | Reached skill level 11 in Short Blades
 44538 | Shoals:3 | Reached skill level 12 in Short Blades
 44590 | Shoals:3 | Identified the serpent talisman of the Orcish Mines {Dex+3
                  | Slay+3 Stlth+}
 44590 | Shoals:3 | Noticed Aizul
 44646 | Shoals:2 | Killed Ilsuiw
 45103 | Shoals:3 | Reached skill level 13 in Short Blades
 45226 | Shoals:3 | Noticed a kraken
 45527 | Shoals:3 | Reached skill level 14 in Short Blades
 45697 | Shoals:3 | Noticed a kraken
 45707 | Shoals:3 | Banished a kraken
 45882 | Shoals:3 | Killed Aizul
 46418 | Shoals:3 | Banished a kraken
 46419 | Shoals:3 | Reached skill level 8 in Evocations
 46419 | Shoals:3 | Reached XP level 19. HP: 86/122 MP: 32/32
 46536 | Abyss:4  | Cast into level 4 of the Abyss (unwielding a weapon of
                  | distortion)
 46539 | Abyss:4  | Gained mutation: You are frail. (-10% HP) [mutagenic glow]
 46544 | Abyss:4  | Lost mutation: You are frail. (-10% HP) [potion of
                  | mutation]
 46544 | Abyss:4  | Gained mutation: You are strong-willed. (Will+) [potion of
                  | mutation]
 46544 | Abyss:4  | Gained mutation: Your system is resistant to poisons.
                  | (rPois) [potion of mutation]
 46544 | Abyss:4  | Gained mutation: You are agile. (Dex +4, Str/Int -1)
                  | [potion of mutation]
 46704 | Abyss:4  | Found a corrupted altar of Lugonu.
 46708 | Abyss:4  | Became a worshipper of Lugonu the Unformed
 46708 | Abyss:4  | Reached * piety under Lugonu
 46708 | Abyss:4  | Reached ** piety under Lugonu
 46709 | Shoals:3 | Escaped the Abyss
 46787 | Spider:1 | Entered Level 1 of the Spider Nest
 46847 | Spider:1 | Reached skill level 1 in Invocations
 47058 | Spider:1 | Reached skill level 2 in Invocations
 47106 | Spider:1 | Noticed Agnes
 47111 | Spider:1 | Killed Agnes
 47937 | Spider:1 | Reached skill level 3 in Invocations
 48230 | Spider:2 | Noticed Jorgrun
 48233 | Spider:2 | Killed Jorgrun
 48325 | Spider:2 | Reached skill level 9 in Evocations
 48531 | Spider:2 | Reached skill level 15 in Dodging
 48835 | Spider:2 | Reached *** piety under Lugonu
 48869 | Spider:2 | Reached skill level 4 in Invocations
 48964 | Spider:2 | Reached skill level 15 in Fighting
 49346 | Spider:2 | Noticed Roxanne
 50195 | Spider:3 | Reached skill level 5 in Invocations
 50396 | Spider:4 | Entered Level 4 of the Spider Nest
 50467 | Spider:4 | Reached **** piety under Lugonu
 50576 | Spider:4 | Reached skill level 10 in Evocations
 51273 | Spider:4 | Reached skill level 6 in Invocations
 51340 | Spider:4 | Reached ***** piety under Lugonu
 51374 | Spider:4 | Reached XP level 20. HP: 130/130 MP: 31/33
 51703 | Spider:4 | Reached skill level 16 in Dodging
 51769 | Spider:4 | Reached skill level 15 in Stealth
 51824 | Spider:4 | Found the +0 pair of fencer's gloves {Riposte Dex+3}
 51862 | Spider:4 | Got a gossamer rune of Zot
 52306 | Orc:2    | Bought a scroll of enchant armour for 112 gold pieces
 52306 | Orc:2    | Bought 2 potions of ambrosia for 240 gold pieces
 52309 | Orc:2    | Learned a level 1 spell: Apportation
 52315 | Orc:2    | Learned a level 5 spell: Summon Mana Viper
 52370 | Elf:1    | Entered Level 1 of the Elven Halls
 52429 | Elf:1    | Reached skill level 1 in Summonings
 52445 | Elf:1    | Reached skill level 7 in Invocations
 52792 | Elf:1    | Reached skill level 2 in Summonings
 52824 | Elf:1    | Reached skill level 16 in Fighting
 53032 | Elf:1    | Found Imezxur's One-of-a-Kind Books.
 53778 | Elf:1    | Reached skill level 3 in Summonings
 54134 | Elf:2    | Found Tuowic's General Store.
 54200 | Elf:2    | Found a runed translucent gate.
 54200 | Elf:2    | Found a runed translucent gate.
 54200 | Elf:2    | Found a runed translucent gate.
 54283 | Elf:2    | Found Ciomokut's Armour Shoppe.
 54804 | Elf:2    | Reached skill level 8 in Invocations
 54886 | Elf:2    | Reached skill level 16 in Stealth
 55441 | Elf:2    | Reached skill level 4 in Summonings
 55897 | Elf:3    | Entered Level 3 of the Elven Halls
 56070 | Elf:3    | Found Venabbaexzy's Antique Armour Boutique.
 56074 | Elf:3    | Bought a smouldering leather armour for 182 gold pieces
 56074 | Elf:3    | Identified the +0 leather armour "Feusaunk" {*Slow Regen+
                  | Str+5 Int+2} (You bought it in a shop on level 3 of the
                  | Elven Halls)
 56128 | Elf:3    | Found Syskul's Antique Weapon Shoppe.
 56529 | Elf:3    | Found Baorom's Magic Scroll Shop.
 56565 | Elf:3    | Reached XP level 21. HP: 137/137 MP: 34/34
 56954 | Elf:3    | Reached skill level 17 in Dodging
 56992 | Elf:3    | Reached skill level 5 in Summonings
 57453 | Elf:3    | Reached skill level 9 in Invocations
 58428 | Elf:3    | Found Baorom's Magic Scroll Shop.
 58649 | Elf:3    | Found Venabbaexzy's Antique Armour Boutique.
 58706 | Elf:3    | Found Syskul's Antique Weapon Shoppe.
 58873 | Elf:3    | Identified the +7 great sword of Hiurphaf {freeze, rElec
                  | Str+4}
 58873 | Elf:3    | Identified the ring "Laobruq" {rPois Int+4 SInv}
 58880 | Elf:3    | Identified the ring of Pichyduits {*Slow rPois rN+ AC+4
                  | Slay+4}
 58883 | Elf:3    | Identified the +5 spear "Nidua" {flame, Stlth+}
 58887 | Elf:3    | Identified the +3 scimitar "Varyux" {freeze, MP+9 Str+3}
 59252 | Elf:3    | Identified the ring of the Changing Messenger {Ice rElec
                  | rPois Int+5}
 59415 | Elf:3    | Reached skill level 17 in Stealth
 59431 | Elf:3    | Identified the +4 trident of Exchange {spect, Fly} (You
                  | took it off a deep elf sorcerer on level 3 of the Elven
                  | Halls)
 59461 | Elf:3    | Reached ****** piety under Lugonu
 59565 | Elf:3    | Got the Vademecum on Fetching Arcane Weapons
 59580 | Elf:3    | Got the Anthology of Volcanic Fascination
 59588 | Elf:3    | Identified the +0 plate armour of Mysticism {+Blink rPois
                  | rF- Str+6}
 59603 | Elf:3    | Identified the +6 shortbow of Prudence {flame, rN+}
 59695 | Elf:3    | Identified a +9 quick blade of distortion (a +7 quick blade
                  | of flaming corrupted by Lugonu)
 59695 | Elf:3    | Received a gift from Lugonu
 59946 | Vaults:1 | Entered Level 1 of the Vaults
 60003 | Vaults:1 | Reached skill level 6 in Summonings
 60012 | Vaults:1 | Reached skill level 17 in Fighting
 60381 | Vaults:1 | Reached skill level 10 in Invocations
 60702 | Vaults:1 | Noticed Asterion
 60713 | Vaults:1 | Killed Asterion
 60714 | Vaults:1 | Reached skill level 7 in Summonings
 61021 | Vaults:1 | Reached XP level 22. HP: 145/145 MP: 35/35
 61213 | Vaults:1 | Reached skill level 18 in Dodging
 61293 | Vaults:2 | Reached skill level 18 in Stealth
 61579 | Vaults:2 | Noticed Boris
 61583 | Vaults:2 | Banished Boris
 61584 | Vaults:2 | Found a portal to a secret trove of treasure.
 61871 | Vaults:2 | Reached skill level 11 in Invocations
 61907 | Vaults:2 | Reached skill level 8 in Summonings
 62139 | Vaults:2 | Reached skill level 18 in Fighting
 62234 | Vaults:2 | Reached skill level 12 in Invocations
 62372 | Vaults:2 | Noticed Xtahua
 62375 | Vaults:2 | Killed Xtahua
 62798 | Vaults:3 | Found a staircase to the Crypt.
 63350 | Vaults:3 | Reached skill level 13 in Invocations
 63537 | Vaults:3 | Found Tubocaun's Antique Weapon Boutique.
 63703 | Vaults:3 | Reached skill level 14 in Invocations
 64501 | Vaults:4 | Reached XP level 23. HP: 152/152 MP: 31/36
 64520 | Vaults:4 | Noticed Norris
 64567 | Vaults:4 | Found Aroit's Armour Boutique.
 64591 | Vaults:4 | Banished Norris
 64642 | Vaults:4 | Reached skill level 11 in Evocations
 64716 | Vaults:4 | Reached skill level 10 in Spellcasting
 65095 | Vaults:4 | Found Waoddi's Magic Scroll Shop.
 65258 | Vaults:1 | Paralysed by a formless jellyfish for 1 turns
 65477 | Elf:3    | Bought bloodstained fire dragon scales for 1690 gold pieces
 65477 | Elf:3    | Identified the +5 fire dragon scales of the Stopping Gods
                  | {Rampage rF++ rC-} (You bought it in a shop on level 3 of
                  | the Elven Halls)
 66025 | Vaults:4 | Found Boahogh's Distillery.
 66029 | Vaults:4 | Bought a potion of cancellation for 144 gold pieces
 66029 | Vaults:4 | Bought a potion of cancellation for 144 gold pieces
 66137 | Vaults:4 | Reached skill level 9 in Armour
 66303 | Vaults:4 | Reached skill level 15 in Invocations
 66911 | Vaults:4 | Reached skill level 12 in Evocations
 66920 | Vaults:4 | Identified the +8 short sword "Tafimn" {flame, rPois SInv}
 66921 | Vaults:4 | Identified the staff "Quwam" {rElec SInv Air}
 67548 | Depths:1 | Entered Level 1 of the Depths
 68421 | Depths:1 | Found a gateway to Hell.
 68492 | Depths:1 | Reached skill level 11 in Spellcasting
 68985 | Depths:2 | Reached XP level 24. HP: 157/157 MP: 38/38
 69317 | Depths:2 | Reached skill level 10 in Armour
 69451 | Depths:2 | Reached skill level 13 in Evocations
 69743 | Depths:2 | Reached skill level 16 in Invocations
 69744 | Depths:2 | Noticed the Enchantress
 70484 | Depths:2 | Identified the +2 robe of Bilenis {rF+ Dex+3}
 70796 | Depths:2 | Found a one-way gateway to a ziggurat.
 70884 | Depths:2 | Found a one-way gate leading to the halls of Pandemonium.
 71029 | Depths:2 | Killed the Enchantress
 71749 | Depths:2 | Found a one-way gateway to a ziggurat.
 72127 | Depths:2 | Found a one-way gate leading to the halls of Pandemonium.
 72279 | Depths:3 | You fall into a shaft and drop 1 floor!
 72279 | Depths:4 | Entered Level 4 of the Depths
 72410 | Depths:4 | Reached skill level 12 in Spellcasting
 72495 | Depths:3 | Found a one-way gate to the infinite horrors of the Abyss.
 72620 | Depths:3 | Noticed a golden dragon
 72739 | D:14     | Bought a ring of protection from cold for 400 gold pieces
 72928 | Depths:3 | Killed a golden dragon
 72929 | Depths:3 | Reached skill level 14 in Evocations
 73342 | Depths:3 | Found the sphere of Battle
 73348 | Depths:3 | Noticed a golden dragon
 73380 | Depths:3 | Banished a golden dragon
 73381 | Depths:3 | Reached skill level 11 in Armour
 73385 | Depths:3 | Identified the ring of Popec {rPois rC- Will+++ rCorr
                  | Slay+5}
 73387 | Depths:3 | Identified the +1 ring mail of Yesterday {Will+}
 73456 | Depths:3 | Noticed a golden dragon
 73610 | Depths:3 | Found a runed translucent door.
 74012 | Depths:4 | Noticed a caustic shrike
 74013 | Depths:4 | Noticed a caustic shrike
 74013 | Depths:4 | Noticed a caustic shrike
 74013 | Depths:4 | Noticed a caustic shrike
 74013 | Depths:4 | Noticed a caustic shrike
 74503 | Depths:3 | Banished a caustic shrike
 74842 | Depths:4 | Banished a caustic shrike
 74843 | Depths:4 | Reached XP level 25. HP: 163/163 MP: 39/39
 74925 | Depths:4 | Reached skill level 17 in Invocations
 75139 | Depths:4 | Reached skill level 13 in Spellcasting
 75152 | Depths:4 | Found a gate to the Realm of Zot.
 75178 | Depths:4 | Banished a caustic shrike
 75392 | Depths:4 | Found Zuuser's Armour Emporium.
 75393 | Depths:4 | Banished a caustic shrike
 75394 | Depths:4 | Reached skill level 15 in Evocations
 75619 | Depths:4 | Identified a scroll of acquirement
 75624 | Depths:4 | Acquired 987 gold pieces
 75710 | Depths:4 | Found a white marble altar of Elyvilon.
 77082 | Slime:1  | Entered Level 1 of the Pits of Slime
 77214 | Slime:3  | You fall into a shaft and drop 1 floor!
 77333 | Slime:5  | Entered Level 5 of the Pits of Slime
 77903 | Slime:5  | Noticed the Royal Jelly
 78489 | Slime:5  | HP: 4/163 [rockslime[the Royal Jelly] (10)]
 78502 | Slime:5  | Killed the Royal Jelly
 78503 | Slime:5  | Reached skill level 12 in Armour
 78863 | Slime:5  | Identified the ring of the Castellan {rN+ Will+ MP+9 Int+4}
 78912 | Slime:5  | Got Sif Muna's Papyrus of Poisonous Anathema
 78980 | Slime:5  | Reached skill level 18 in Invocations
 78980 | Slime:5  | Reached skill level 16 in Evocations
 78980 | Slime:5  | Reached XP level 26. HP: 149/168 MP: 40/40
 78995 | Slime:5  | Identified the +4 morningstar of Ambiguity {chaos, Int+4
                  | Dex+3}
 79077 | Slime:5  | Identified the +8 mace "Evit" {antimagic, Dex+4}
 79078 | Slime:5  | Identified the +1 shortbow "Ugecziv" {drain, MP+9 Int+4}
 79080 | Slime:5  | Got a slimy rune of Zot
 80021 | Vaults:2 | You showed the slimy rune of Zot to enter a treasure trove
 80022 | Trove    | Entered a treasure trove
 80039 | Trove    | Identified the +3 short sword "Sarcophage" {freeze, +Blink
                  | rCorr Str-5 Int+4}
 80044 | Trove    | Identified the +9 spear of Puyguzeg {freeze, +Blink}
 80058 | Trove    | Identified the +8 dagger "Ylaoru Kahua" {venom, rF- rC+
                  | Int+7 Dex-5}
 80059 | Trove    | Identified the +7 hand axe of the Stork {venom, MP+9}
 80061 | Trove    | Identified the +4 mace of Zyxzeack {venom, rF+}
 80067 | Trove    | Identified the +9 dagger of Res Ipsa Loquitur {drain, rPois
                  | Str+6}
 80499 | Elf:3    | Bought a scroll of blinking for 142 gold pieces
 80499 | Elf:3    | Bought a scroll of teleportation for 57 gold pieces
 80557 | Elf:2    | Bought a potion of haste for 120 gold pieces
 80906 | Vaults:4 | Bought a scroll of blinking for 120 gold pieces
 80906 | Vaults:4 | Bought a scroll of fog for 64 gold pieces
 80991 | Vaults:4 | Bought a potion of haste for 180 gold pieces
 80991 | Vaults:4 | Bought a potion of curing for 54 gold pieces
 80991 | Vaults:4 | Bought a potion of enlightenment for 90 gold pieces
 80991 | Vaults:4 | Bought a potion of attraction for 54 gold pieces
 81037 | Vaults:5 | Entered Level 5 of the Vaults
 81123 | Vaults:5 | Reached skill level 14 in Spellcasting
 81495 | Vaults:5 | Reached skill level 17 in Evocations
 81551 | Vaults:5 | Reached XP level 27. HP: 102/173 MP: 41/41
 81709 | Vaults:5 | Got the Teachings on United Algor
 81714 | Vaults:5 | Noticed a dread lich
 81721 | Vaults:5 | Banished a dread lich
 81737 | Vaults:5 | Got the Papyrus of Points
 81781 | Vaults:5 | Learned a level 4 spell: Vhi's Electric Charge
 81787 | Vaults:5 | Learned a level 5 spell: Yara's Violent Unravelling
 81868 | Vaults:5 | Reached skill level 13 in Armour
 82058 | Vaults:5 | Identified the +3 scale mail of Paephi {-Tele Rampage rPois
                  | Will++}
 82060 | Vaults:5 | Identified the +12 dagger of Interdependent Arising
                  | {freeze, rF+ rN+ Str+2 Dex-4}
 82098 | Vaults:5 | Identified the +3 plate armour "Midawin" {rElec Str+3
                  | Int+2}
 82140 | Vaults:5 | Reached skill level 18 in Evocations
 82263 | Vaults:5 | Noticed an ancient lich
 82285 | Vaults:5 | Killed an ancient lich
 82623 | Vaults:5 | Reached skill level 14 in Armour
 82842 | Vaults:5 | Found Kig Rali's Distillery.
 82847 | Vaults:5 | Bought a potion of curing for 48 gold pieces
 82847 | Vaults:5 | Bought a potion of invisibility for 128 gold pieces
 82847 | Vaults:5 | Bought a potion of haste for 160 gold pieces
 82847 | Vaults:5 | Bought a potion of curing for 48 gold pieces
 82847 | Vaults:5 | Bought a potion of resistance for 160 gold pieces
 82847 | Vaults:5 | Bought a potion of magic for 128 gold pieces
 82847 | Vaults:5 | Bought a potion of resistance for 160 gold pieces
 82853 | Vaults:5 | Identified the staff "Doq Nycwo" {*Slow Fly rPois rC+ Int+3
                  | Alchemy}
 83546 | Vaults:5 | Reached skill level 15 in Armour
 83546 | Vaults:5 | Identified the ring of the Monkey's Uncle {Wiz rC+ Str+2}
 83567 | Vaults:5 | Identified the staff of Vios {^Fragile rF++ rC+ Ice}
 83574 | Vaults:5 | Got a silver rune of Zot
 84714 | Zot:1    | Entered Level 1 of the Realm of Zot
 85315 | Zot:4    | Reached skill level 16 in Armour
 85809 | Zot:4    | Found the +4 dragonskin cloak
 85809 | Zot:4    | Noticed Tiamat
 86039 | Zot:5    | Entered Level 5 of the Realm of Zot
 88126 | Zot:5    | Noticed a dread lich
 89478 | Zot:5    | Banished a dread lich
 89479 | Zot:5    | Reached skill level 1 in Translocations
 89807 | Zot:5    | Corrupted Zot:5
 90274 | Zot:5    | Noticed a Killer Klown
 90292 | Zot:5    | Banished a Killer Klown
 90293 | Zot:5    | Reached skill level 17 in Armour
 90293 | Zot:5    | Reached skill level 2 in Translocations
 91114 | Zot:5    | Noticed a Killer Klown
 91117 | Zot:5    | Banished a Killer Klown
 91184 | Zot:5    | Noticed an orb of fire
 91189 | Zot:5    | Noticed an orb of fire
 91191 | Zot:5    | Gained mutation: You do not regenerate when monsters are
                  | visible. [an orb of fire]
 91201 | Zot:5    | Killed an orb of fire
 91202 | Zot:5    | Reached skill level 3 in Translocations
 91206 | Zot:5    | Noticed an orb of fire
 91212 | Zot:5    | Gained mutation: You have hidden genetic defects. [an orb
                  | of fire]
 91216 | Zot:5    | Banished an orb of fire
 91219 | Zot:5    | Noticed a Killer Klown
 91227 | Zot:5    | Killed an orb of fire
 91228 | Zot:5    | Reached skill level 4 in Translocations
 91236 | Zot:5    | Noticed a dread lich
 91236 | Zot:5    | Killed a Killer Klown
 91246 | Zot:5    | Banished a dread lich
 91365 | Zot:5    | Noticed an orb of fire
 91387 | Zot:5    | Killed an orb of fire
 91388 | Zot:5    | Reached skill level 5 in Translocations
 92308 | Zot:5    | Gained mutation: You occasionally shout uncontrollably at
                  | your foes. [hidden defects]
 92573 | Zot:5    | Noticed a Killer Klown
 92594 | Zot:5    | Killed a Killer Klown
 92595 | Zot:5    | Reached skill level 6 in Translocations
 93401 | Zot:5    | Got the Orb of Zot
 93540 | Zot:1    | Noticed a seraph
 93970 | D:$      | Escaped with the Orb!

Illustrated notes

Levels and vault maps discovered:
D:1:      dpeg_arrival_round_c, layout_basic, ebering_ecumenical_altar_rust,
          minmay_vboxes
D:2:      layout_basic, nrook_campfire, uniq_sigmund
D:3:      layout_loops_ring, overflow_temple_1_default
D:4:      layout_cave_pods
D:5:      minmay_bubble_buster, layout_layer_cave, yredelemnul_altar_generic,
          minmay_temple_entry_mist
D:6:      layout_loops_cross, mainiacjoe_overflow_concentric_impassable,
          ebering_ghost_disaster_area
D:7:      layout_loops_ring, nicolae_gozag_cash_rules_everything_around_me,
          grunt_temple_overflow_diamond
D:8:      layout_basic, mainiacjoe_overflow_brackets, lair_entry_dummy,
          grunt_decor_mini_mirrors, wad_hexagon, uniq_psyche, uniq_pikel
D:9:      layout_basic, zombieorc2_lemuel, minmay_orc_keep
D:10:     layout_layer_cave, nicolae_overflow_hallway_of_the_gods, minivault_20,
          corexii_checkpoint
D:11:     layout_grid_maze, serial_shops, nicolae_stop_n_shop_1, uniq_lodul
D:12:     layout_long_grid, minmay_crystal_water
D:13:     layout_basic
D:14:     layout_irregular_city, david_vaults_1, minmay_misc_feat_chi,
          serial_shops, shop
D:15:     gammafunk_enter_depths_forms, layout_rooms, hangedman_decor_riveting
Temple:   hellmonk_temple_rainy
Lair:1:   layout_small_grid, uniq_joseph
Lair:2:   layout_layer_cave
Lair:3:   minmay_guarded_unrand_snakebite, layout_long_grid,
          elwin_shoals_entry_rocks, nicolae_spider_entry_tight_spaces,
          gauntlet_entry_generic, serial_rivers, chequers_serial_rivers_room_a,
          chequers_serial_rivers_small_3, chequers_serial_rivers_large_b,
          chequers_serial_rivers_small_a, basic_altar
Lair:4:   layout_small_grid, serial_bayou_ford_a, grunt_megastairs_5,
          infiniplex_staircase_pool_2
Lair:5:   gammafunk_lair_ancient_temple, layout_long_grid,
          minmay_slime_entry_oklob_open
Shoals:1: layout_shoals, uniq_kirke
Shoals:2: layout_shoals, uniq_ilsuiw, uniq_polyphemus
Shoals:3: nicolae_shoals_lighthouse, layout_shoals, serial_shops,
          bzr_entry_islet, st_shoals_ruin, uniq_aizul, uniq_nikola
Spider:1: layout_spider_delve, uniq_agnes
Spider:2: layout_chambers, portal_ice_cave_entry_dragon, uniq_jorgrun,
          uniq_roxanne
Spider:3: layout_spider_delve
Spider:4: grunt_spider_rune_circles
Slime:1:  layout_caves, cheibrodos_slime_lost_civilization_6
Slime:2:  layout_caves, cheibrodos_slime_lost_civilization_7
Slime:3:  layout_caves, nicolae_slime_phagocytosis
Slime:4:  layout_caves
Slime:5:  slime_pit_nicolae_jellycorners
Orc:1:    layout_caves, gammafunk_ghost_wrathful_warriors, minmay_orc_barracks
Orc:2:    grunt_orc_gardens, layout_caves, grunt_orc_garden, grunt_orc_garden,
          grunt_orc_garden, grunt_orc_garden, basic_altar, uniq_azrael
Elf:1:    minmay_elf_arrival_circle, layout_geoelf_grid,
          hangedman_elven_crosses_minicolossus, nicolae_rare_books
Elf:2:    elven_hall_of_blades_hangedman_original
          [nicolae_vaults_blade_armed_guards], layout_gridlike, serial_shops,
          shop, shop, drop_trap
Elf:3:    elf_hall, layout_loops_cross, serial_shops, shop, shop, shop,
          st_stairs_10, due_unseen_surprise
Vaults:1: nicolae_vaults_closet_pinwheel_3, nicolae_vaults_wine_cellar,
          nicolae_vaults_house_1, v_misc_18, v_misc_18, v_alt_pattern_1,
          v_pattern_5, v_misc_11, nicolae_vaults_security_offices_1,
          nicolae_vaults_theta, nicolae_vaults_double_plus_1,
          nicolae_vaults_tetromino_Z_2, layout_vaults_omnibox, uniq_asterion
Vaults:2: nicolae_vaults_storage_closets_2, nicolae_vaults_network_periphery,
          nicolae_vaults_more_shelving_1, nicolae_vaults_fighting_squares,
          nicolae_vaults_closet_pinwheel_6, v_misc_26, vaults_room_pools,
          nicolae_vaults_trapezoid_4, grunt_vaults_hallway_long,
          nicolae_vaults_theta, vaults_room_fours, layout_vaults_maze_snakey,
          nicolae_trove_entry_path_of_doom, uniq_boris, uniq_xtahua
Vaults:3: nicolae_vaults_circle_grid_a, dpeg_vaults_monster_box,
          ontoclasm_vaults_gateway, grunt_vaults_swirl,
          nicolae_vaults_sesquioval_fish, minmay_crypt_entry_nasty_monster,
          ontoclasm_vaults_eye, v_misc_10, v_misc_29,
          nicolae_vaults_apartment_1, layout_vaults_quadrants, serial_shops,
          shop
Vaults:4: hangedman_vaults_restitches, nicolae_vaults_oval_intersection,
          nicolae_vaults_twisting_passages, nicolae_vaults_border_crossing,
          v_misc_8, nicolae_vaults_closet_pinwheel_5,
          nicolae_vaults_three_branches, serial_ice_m,
          nicolae_vaults_oval_intersection, v_misc_27,
          nicolae_vaults_storing_the_good_stuff, nicolae_vaults_tetromino_L_2,
          layout_vaults_chaotic_city, serial_shops,
          nicolae_shop_getting_attention, shop, shop, uniq_norris
Vaults:5: serial_shops
Depths:1: layout_cave_pools, pf_hell_entry_great_geh, dreamdust_wishing_well,
          minmay_three_doors
Depths:2: evilmike_cross, layout_cave_shapes, enter_ziggurat_f,
          grunt_pan_entry_sceptre, hell_entry, uniq_enchantress
Depths:3: minmay_the_grid_triangle_9x9_rhombus_full_mashed
          [minmay_the_grid_triangle_9x9_minimal,
          minmay_the_grid_triangle_9x9_limited_checkers,
          minmay_the_grid_triangle_9x9_impossible_snake,
          minmay_the_grid_triangle_9x9_subtriangle,
          minmay_the_grid_triangle_9x9_skeleton,
          minmay_the_grid_triangle_9x9_steps,
          minmay_the_grid_triangle_9x9_semitri,
          minmay_the_grid_triangle_9x9_prize_center], layout_twisted_cross,
          abyss_entry, hell_entry, nicolae_tricolors
Depths:4: grunt_zot_entry_gee_three, layout_cave_shapes, hell_entry,
          serial_shops, nicolae_shop_hallway_plus, serial_column_ruins,
          column_ruins_open_tiny_water, column_ruins_columns_corner,
          column_ruins_grid_1, column_ruins_grid_1,
          column_ruins_columns_dead_end, column_ruins_open_small,
          elyvilon_altar_3, rand_demon_pan_entry_9
Zot:1:    layout_gridlike, lemuel_baited_zot_trap, uniq_josephina
Zot:2:    layout_gridlike, grunt_megastairs_2
Zot:3:    layout_misc_corridors
Zot:4:    layout_twisted_circle, regret_index_zotdec_banners, uniq_grunn,
          uniq_tiamat
Zot:5:    layout_basic

Skill      XL: |  1  2  3  4  5  6  7  8  9 10 11 12 13 14 15 16 17 18 19 20 21 22 23 24 25 26 27 |
---------------+----------------------------------------------------------------------------------+-----
Stealth        | 2 3 4 5 6 8 9 12 13 14 16 17 18 | 18.0
Fighting       | 3 4 5 6 7 9 10 12 14 15 16 17 18 | 18.0
Short Blades   | 5 6 7 8 10 14 | 14.0
Dodging        | 4 6 8 9 10 12 14 15 16 17 18 | 18.0
Evocations     | 2 5 6 7 8 10 12 14 16 17 18 | 18.0
Armour         | 4 7 8 9 11 12 17 | 17.7
Hexes          | 3 9 10 12 13 14 | 14.0
Spellcasting   | 5 6 7 9 11 12 13 14 | 14.0
Throwing       | 4 |  4.0
Ice Magic      | 3 5 6 8 |  8.0
Shields        | 5 7 |  7.0
Invocations    | 6 8 10 14 15 16 18 | 18.1
Summonings     | 4 7 8 |  8.0
Translocations | 6 |  6.7
Conjurations   | |  3.0

Action                     |  1- 3 |  4- 6 |  7- 9 | 10-12 | 13-15 | 16-18 | 19-21 | 22-24 | 25-27 || total
---------------------------+-------+-------+-------+-------+-------+-------+-------+-------+-------++-------
  Melee: Short sword       |   168 |   153 |    18 |       |       |       |       |       |       ||   339
         Punch             |     4 |       |     7 |    11 |    20 |    12 |       |       |       ||    54
         Dagger            |       |       |   412 |   669 |   803 |  1270 |   413 |       |       ||  3567
         Rapier            |       |       |       |       |       |    91 |   262 |       |       ||   353
         Quick blade       |       |       |       |       |       |       |   798 |  1752 |  2012 ||  4562
  Throw: Dart              |       |    13 |    10 |     7 |     6 |     6 |       |       |       ||    42
         Throwing net      |       |       |       |       |       |     3 |     1 |       |       ||     4
   Cast: Kiss of Death     |     1 |     1 |       |       |       |       |       |       |       ||     2
         Confusing Touch   |       |       |       |     6 |    98 |    21 |    28 |     2 |       ||   155
         Cause Fear        |       |       |       |       |     1 |     4 |       |       |       ||     5
         Ensorcelled Hiber |       |       |       |       |       |   430 |   189 |     1 |       ||   620
         Jinxbite          |       |       |       |       |       |     3 |       |       |       ||     3
         Summon Mana Viper |       |       |       |       |       |       |       |    11 |       ||    11
 Invoke: Banish            |       |       |       |       |       |       |     4 |     3 |     3 ||    10
         Depart the Abyss  |       |       |       |       |       |       |     1 |       |       ||     1
         Brand Weapon With |       |       |       |       |       |       |     1 |       |       ||     1
         Corrupt           |       |       |       |       |       |       |       |       |     1 ||     1
  Evoke: Wand              |       |       |       |    10 |     2 |    23 |    18 |     5 |     9 ||    67
         Phantom mirror    |       |       |       |       |     1 |     2 |     1 |     1 |       ||     5
         Tin of tremorston |       |       |       |       |       |     2 |     4 |     3 |       ||     9
         Box of beasts     |       |       |       |       |       |     1 |     2 |     1 |     1 ||     5
    Use: Scroll            |     2 |     2 |     4 |     9 |     7 |    10 |    18 |     7 |    27 ||    86
         Potion            |       |     2 |       |     6 |     2 |    12 |     3 |     2 |    18 ||    45
   Stab: Sleeping          |     6 |    18 |    28 |    22 |    26 |   287 |   168 |    80 |    79 ||   714
         Confused          |       |     1 |       |     9 |    92 |    23 |    27 |     3 |       ||   155
         Distracted        |       |       |     2 |     3 |     2 |    13 |    15 |    14 |    28 ||    77
         Invisible         |       |       |     1 |       |       |       |       |       |       ||     1
         Petrifying        |       |       |       |     1 |       |       |       |       |       ||     1
         Held in net/web   |       |       |       |       |       |     3 |     1 |       |       ||     4
         Paralysed         |       |       |       |       |       |       |       |       |     1 ||     1
 Armour: Leather armour    |    86 |    67 |   104 |   172 |   161 |    35 |       |       |       ||   625
         Ring mail         |       |       |       |       |       |    87 |       |       |       ||    87
         Troll leather arm |       |       |       |       |       |   288 |    95 |       |       ||   383
         Acid dragon scale |       |       |       |       |       |     2 |   145 |    55 |       ||   202
         Skin              |       |       |       |       |       |    21 |       |       |       ||    21
         Fire dragon scale |       |       |       |       |       |       |       |   184 |   314 ||   498
  Dodge: Dodged            |   127 |   101 |   258 |   431 |   604 |  1433 |   859 |   463 |   460 ||  4736
  Block: Buckler           |       |       |       |       |       |   266 |   377 |   291 |   301 ||  1235
Riposte: Rapier            |       |       |       |       |       |       |    61 |       |       ||    61
         Dagger            |       |       |       |       |       |       |    15 |       |       ||    15
         Quick blade       |       |       |       |       |       |       |    64 |    89 |       ||   153

Table legend:
 A = Kills in this place as a percentage of kills in the entire game.
 B = Kills by you in this place as a percentage of kills by you in the entire game.
 C = Kills by friends in this place as a percentage of kills by friends in the entire game.
 D = Other kills in this place as a percentage of other kills in the entire game.
 E = Experience gained in this place as a percentage of experience gained in the entire game.
 F = Experience gained in this place divided by the number of levels of this place that you have seen.
                   A       B       C       D       E      F
               +-------+-------+-------+-------+-------+----------------------
         Total | 100.0 | 100.0 | 100.0 | 100.0 | 100.0 | 19981.4
       Dungeon |  22.4 |  24.8 |  31.6 |   0.5 |   5.5 | 4077.4
          Lair |   9.6 |  10.4 |   0.0 |   3.5 |   5.2 | 11698.2
        Shoals |   7.2 |   7.7 |  10.5 |   2.5 |   7.0 | 26089.7
   Spider Nest |   8.9 |   9.9 |   0.0 |   1.5 |   7.4 | 20749.0
    Slime Pits |   3.9 |   3.6 |   0.0 |   7.0 |   4.8 | 10681.4
  Orcish Mines |   5.8 |   6.5 |   0.0 |   0.5 |   1.7 | 9666.5
   Elven Halls |   7.0 |   7.3 |  15.8 |   4.0 |   9.4 | 34883.0
        Vaults |  21.0 |  17.7 |  42.1 |  47.7 |  30.7 | 68741.0
        Depths |   9.7 |   8.6 |   0.0 |  19.6 |  16.2 | 45433.8
           Zot |   4.0 |   3.2 |   0.0 |  12.1 |  11.9 | 26524.8
      Gauntlet |   0.4 |   0.3 |   0.0 |   1.0 |   0.2 | 2586.0
               +-------+-------+-------+-------+-------+----------------------
